 Dungeon Sprint DCSS version 0.13-a0-2776-g5b28ffd (webtiles) character file.

759 JacquesDerrida the Cloud Mage (level 7, -1/36 HPs)
             Began as a Tengu Air Elementalist on Aug 25, 2013.
             Was an Initiate of Vehumet.
             Succumbed to Sonja's curare-tipped needle
             ... in the Dungeon (Sprint I: "Red Sonja").
             The game lasted 00:05:19 (643 turns).

JacquesDerrida the Cloud Mage (TeAE)                 Turns: 643, Time: 00:05:19

HP  -1/36        AC  2     Str 10      XL: 7   Next: 27%
MP   4/22        EV 12     Int 16      God: Vehumet [......]
Gold 214         SH  0     Dex 14      Spells:  4 memorised, 12 levels left

Res.Fire  : . . .   See Invis. : .   (no weapon)
Res.Cold  : . . .   Warding    : .   a - +0 robe
Life Prot.: . . .   Conserve   : .   (no shield)
Res.Poison: .       Res.Corr.  : .   (helmet restricted)
Res.Elec. : .       Clarity    : .   (no cloak)
Sust.Abil.: . .     Spirit.Shd : .   (no gloves)
Res.Mut.  : .       Prev.Telep.: +   (boots unavailable)
Res.Rott. : .       Flight     : .   (no amulet)
Saprovore : . . .                    (no ring)
                                     (no ring)

@: short of breath, repel missiles, very poisoned, slowed, very slow, slightly
resistant to hostile enchantments, fairly stealthy
A: able to fly, beak, talons 3
a: Fly, Renounce Religion


You were in the Dungeon.
You worshipped Vehumet.
Vehumet was noncommittal.
You were not hungry.

You visited 1 branch You collected 302 gold pieces.
You spent 108 gold pieces at shops.

Inventory:

Armour
 a - a +0 robe (worn)
Magical devices
 d - a wand of random effects (0)
 j - a wand of fireball (1)
Comestibles
 c - a bread ration
Scrolls
 i - a scroll of blinking
Potions
 f - a potion of speed
 g - 2 potions of magic
 h - a potion of berserk rage
Books
 b - a book of Air

   Spells                             Type                      Level
   *Shock                             Conjuration/Air              1
   *Swiftness                         Charms/Air                   2
   *Repel Missiles                    Charms/Air                   2
   Flight                             Charms/Air                   3
   Static Discharge                   Conjuration/Air              3
   *Lightning Bolt                    Conjuration/Air              5


   Skills:
 - Level 2.1 Dodging
 - Level 2.0 Stealth
 + Level 8.0 Spellcasting
 + Level 10.5 Conjurations
 - Level 12.6 Air Magic


You had 12 spell levels left.
You knew the following spells:

 Your Spells              Type           Power        Failure   Level  Hunger
a - Shock                 Conj/Air       ####         1%          1    None
b - Swiftness             Chrm/Air       ####......   1%          2    None
c - Repel Missiles        Chrm/Air       ####......   1%          2    None
d - Lightning Bolt        Conj/Air       #####.....   2%          5    #####..


Dungeon Overview and Level Annotations

Branches:
Dungeon (1/1)

Altars:
Elyvilon
Fedhas
Sif Muna
Vehumet
Xom

Shops:
D ?


Innate Abilities, Weirdness & Mutations

You can fly.
You have a beak for a mouth.
You have claws for feet.


Message History

Okay, then.
Read which item? (? for menu, Esc to quit)
Okay, then.
* * * LOW HITPOINT WARNING * * *
You feel very sick.
There is an open door here.
* * * LOW HITPOINT WARNING * * *
You feel sick.
* * * LOW HITPOINT WARNING * * *
You feel sick.
* * * LOW HITPOINT WARNING * * *
You feel sick.
* * * LOW HITPOINT WARNING * * *
You feel very sick.
There is an entrance to Klaosa's Magic Scroll Emporium here.
* * * LOW HITPOINT WARNING * * *
You feel very sick.
* * * LOW HITPOINT WARNING * * *
You feel sick.
You die...

################ *********
#<<#..)..#..'..#__*,,+,,,*
#<.%..#..').#..+,,+,,*,,,*
#..#####'#####'#__ ***,,,+
#..####..#...#[#***,, ***
#..#_.####.(##.#≈≈≈,,*,,**
#..#.....##'#..+≈ ≈,,+,,*,
#⌠⌠#_.∩..@'(.._#≈≈≈,,*,,*,
####.....##_.#+#*+* ***+**
*,,#_._._###'#,*,,,,***,+,
***#######**.#***+ **,***,
*∩,,,, ,,,+,.)+ ,,,,+,∩**,
***+ ++****,.$#**********,
,,,,,,,* **.##*,,,,,,,**,
*,,,,, ,,*,*+#,*,,,,,,,,+,
*,,*,,,,,*,,,,,*+++ *****,


There were no monsters in sight!

Vanquished Creatures
  Sonja (D)
  An elephant slug (D)
  An ogre (D)
  Sigmund (D)
  A jelly (D)
  Ijyb (D)
6 creatures vanquished.

Vanquished Creatures (others)
  A metal gargoyle (D)
1 creature vanquished.

Grand Total: 7 creatures vanquished

Notes
Turn   | Place    | Note
--------------------------------------------------------------
     0 | D        | JacquesDerrida, the Tengu Air Elementalist, began the quest for the Orb.
     0 | D        | Reached XP level 1. HP: 10/10 MP: 3/3
     2 | D        | Noticed Ijyb
    15 | D        | Killed Ijyb
    15 | D        | Reached skill level 6 in Air Magic
    15 | D        | Reached XP level 2. HP: 12/15 MP: 0/5
    69 | D        | Learned a level 2 spell: Swiftness
    72 | D        | Noticed an ogre
    76 | D        | Killed an ogre
    76 | D        | Reached skill level 8 in Conjurations
    76 | D        | Reached skill level 9 in Air Magic
    76 | D        | Reached XP level 3. HP: 19/19 MP: 1/6
    76 | D        | Reached XP level 4. HP: 24/24 MP: 1/8
   150 | D        | Learned a level 2 spell: Repel Missiles
   163 | D        | Noticed Sigmund
   169 | D        | Killed Sigmund
   169 | D        | Reached skill level 10 in Air Magic
   169 | D        | Reached XP level 5. HP: 28/28 MP: 2/13
   289 | D        | Killed a metal gargoyle
   410 | D        | Learned a level 5 spell: Lightning Bolt
   420 | D        | Found a deep blue altar of Sif Muna.
   421 | D        | Noticed a jelly
   423 | D        | Killed a jelly
   423 | D        | Reached skill level 11 in Air Magic
   424 | D        | Found a white marble altar of Elyvilon.
   445 | D        | Found a radiant altar of Vehumet.
   445 | D        | Found a blossoming altar of Fedhas.
   445 | D        | Found Klaosa's Magic Scroll Emporium.
   445 | D        | Found a shimmering altar of Xom.
   445 | D        | Found a deep blue altar of Sif Muna.
   445 | D        | Noticed an elephant slug
   510 | D        | Killed an elephant slug
   510 | D        | Reached skill level 12 in Air Magic
   510 | D        | Reached XP level 6. HP: 17/32 MP: 3/18
   531 | D        | Found a shimmering altar of Xom.
   608 | D        | Bought a scroll of magic mapping for 42 gold pieces
   612 | D        | Bought a scroll of recharging for 66 gold pieces
   616 | D        | Became a worshipper of Vehumet
   627 | D        | Noticed Sonja
   635 | D        | Killed Sonja
   635 | D        | Reached skill level 10 in Conjurations
   635 | D        | Reached XP level 7. HP: 15/36 MP: 3/22
   642 | D        | HP: 1/36 [poisoned by Sonja (curare-tipped needle)]
   643 | D        | Succumbed to Sonja's curare-tipped needle

Action                   |  1- 3 |  4- 6 |  7- 9 || total
-------------------------+-------+-------+-------++-------
Melee: Unarmed           |     6 |       |       ||     6
 Cast: Shock             |     7 |    25 |       ||    32
       Repel Missiles    |       |     2 |       ||     2
       Lightning Bolt    |       |     3 |       ||     3
 Abil: Fly               |       |     1 |       ||     1
Evoke: Wand              |       |    17 |     1 ||    18
  Use: Potion            |       |     2 |       ||     2
       Scroll            |       |     2 |       ||     2
